 Dungeon Crawl Stone Soup version 0.19-a0-650-gab89c2a (webtiles) character file.

107 Aksej the Slasher (level 4, -5/35 HPs)
             Began as a Demonspawn Gladiator on June 15, 2016.
             Was an Initiate of Dithmenos.
             Killed from afar by Sigmund (9 damage)
             ... with a magic dart
             ... on level 3 of the Dungeon.
             The game lasted 00:04:25 (2697 turns).

Aksej the Slasher (Demonspawn Gladiator)            Turns: 2697, Time: 00:04:25

Health: -5/35      AC:  7    Str: 16    XL:     4   Next: 56%
Magic:  4/4        EV: 13    Int:  9    God:    Dithmenos [......]
Gold:   91         SH:  0    Dex: 14    Spells: 0 memorised, 3 levels left

rFire  . . .     SeeInvis .     a - +1 long sword
rCold  . . .     Gourm    .     g - +0 robe (curse)
rNeg   . . .     Faith    .     (no shield)
rPois  .         Spirit   .     c - +0 helmet
rElec  .         Dismiss  .     (no cloak)
rCorr  .         Reflect  .     (no gloves)
SustAt .         Harm     .     (no boots)
MR     .....                    (no amulet)
Stlth  +.........               (no ring)
                                (no ring)

@: very slightly contaminated, hasted, very quick, not resistant to hostile
enchantments, very unstealthy
A: iridescent scales 1, sense surroundings 1
a: Renounce Religion


You were on level 3 of the Dungeon.
You worshipped Dithmenos.
Dithmenos was noncommittal.
You were not hungry.

You visited 1 branch of the dungeon, and saw 3 of its levels.

You collected 91 gold pieces.

Inventory:

Hand Weapons
 a - a +1 long sword (weapon)
Missiles
 d - 3 throwing nets (quivered)
Armour
 c - a +0 helmet (worn)
 g - a cursed +0 robe (worn)
Scrolls
 e - 2 scrolls of identify
Comestibles
 b - a beef jerky
 f - 2 bread rations


   Skills:
 + Level 3.0 Fighting
 * Level 3.7 Long Blades
 - Level 1.7 Throwing
 + Level 3.4 Dodging


You had 3 spell levels left.
You didn't know any spells.

Dungeon Overview and Level Annotations

Branches:
Dungeon (3/15)

Altars:
Dithmenos
Yredelemnul

Annotations:
D:3 Sigmund


Innate Abilities, Weirdness & Mutations

You are partially covered in iridescent scales. (AC +4)
You passively map a small area around you.


Message History

Sigmund casts a spell.
Sigmund flickers and vanishes!
Deactivating autopickup; reactivate with Ctrl-A.
No target in view!
You miss something. Something hits you but does no damage.
You barely miss something. Something hits you!
You barely miss something. Something barely misses you.
You miss something. You barely miss something. Something hits you!
You completely miss something. Something hits you!
* * * LOW HITPOINT WARNING * * *
You barely miss something. Something hits you!
* * * LOW HITPOINT WARNING * * *
You feel yourself speed up. Something hits you but does no damage.
You are very lightly contaminated with residual magic.
You see here a beef jerky.
b - a beef jerky A magic dart appears from out of thin air!
The magic dart hits you!
You die...

#.# #######.# *
* *
#.######.......#
* *
#...............
, ,
########.#######
* #.# ,
#.######## , ,
#........#
########.# #@#
*.#, #.# .. #.#
*.# * #.# #.##
#.# ...#### #.#
.......
#.#########...#
* #.{..{.......#
* ##############


There were no monsters in sight!

Vanquished Creatures
  4 adders
  2 dart slugs
  A giant gecko (D:1)
  A giant cockroach (D:2)
  5 hobgoblins
  15 jackals
  4 bats
  5 giant newts
  11 goblins
  7 kobolds
  5 rats
60 creatures vanquished.

Notes
Turn   | Place    | Note
--------------------------------------------------------------
     0 | D:1      | Aksej the Demonspawn Gladiator began the quest for the Orb.
     0 | D:1      | Reached XP level 1. HP: 16/16 MP: 1/1
   401 | D:1      | Gained mutation: You are partially covered in iridescent scales. (AC +4) [demonic ancestry]
   401 | D:1      | Reached XP level 2. HP: 3/22 MP: 2/2
  1151 | D:1      | Gained mutation: You passively map a small area around you. [potion of beneficial mutation]
  1195 | D:1      | Reached XP level 3. HP: 19/28 MP: 3/3
  1688 | D:2      | Reached XP level 4. HP: 34/34 MP: 4/4
  1924 | D:2      | Found a shadowy altar of Dithmenos.
  1951 | D:2      | Became a worshipper of Dithmenos the Shadowed
  2333 | D:3      | Found a basalt altar of Yredelemnul.
  2667 | D:3      | Noticed Sigmund
  2697 | D:3      | Killed from afar by Sigmund

Vault maps used:
D:1:      lightli_iron_boxes
D:2:      nicolae_dithmenos_through_a_glass_darkly
D:3:      nicolae_overflow_hidden_temple, grunt_decor_one_mirror,
          minmay_curled_crystal, uniq_sigmund

Skill      XL: |  1  2  3  4 |
---------------+-------------+-----
Long Blades    | 3 |  3.7
Dodging        | 3 |  3.4
Fighting       | 3 |  3.0
Throwing       | |  1.7

Action                   |  1- 3 |  4- 6 || total
-------------------------+-------+-------++-------
Melee: Long sword        |   137 |    64 ||   201
  Use: Scroll            |     6 |     2 ||     8
       Potion            |     1 |     1 ||     2
 Stab: Sleeping          |     1 |     1 ||     2
  Eat: Chunk             |     3 |     3 ||     6
Armor: Leather armour    |    50 |       ||    50
       Robe              |    13 |    34 ||    47
Dodge: Dodged            |   106 |    65 ||   171
